 Dungeon Crawl Stone Soup version 0.22.1-5-g62c59d9 (webtiles) character file.

179 errolflynn the Chopper (level 5, -6/48 HPs)
             Began as a Minotaur Berserker on Jan 7, 2019.
             Was a Believer of Trog.
             Mangled by a gnoll
             ... wielding a cursed +0 halberd
              (12 damage)
             ... on level 3 of the Dungeon.
             The game lasted 00:29:40 (2400 turns).

errolflynn the Chopper (Minotaur Berserker)         Turns: 2400, Time: 00:29:40

Health: -6/48      AC:  6    Str: 21    XL:     5   Next: 33%
Magic:  4/4        EV: 15    Int:  4    God:    Trog [**....]
Gold:   103        SH:  0    Dex: 11    Spells: 4/4 levels left

rFire    . . .     SeeInvis +   a - +0 hand axe
rCold    . . .     Gourm    .   (no shield)
rNeg     . . .     Faith    .   m - +0 scale mail
rPois    .         Spirit   .   (helmet restricted)
rElec    .         Reflect  .   (no cloak)
rCorr    .         Harm     +   (no gloves)
MR       .....                  (no boots)
Stlth    ..........             q - amulet of harm
HPRegen  0.16/turn              o - +4 ring of evasion
MPRegen  0.09/turn              J - ring of see invisible

@: no status effects
A: retaliatory headbutt, horns 2
a: Berserk, Trog's Hand, Renounce Religion


You were on level 3 of the Dungeon.
You worshipped Trog.
Trog was pleased with you.
You were not hungry.

You visited 1 branch of the dungeon, and saw 3 of its levels.

You collected 103 gold pieces.

Inventory:

Hand Weapons
 a - a +0 hand axe (weapon)
 f - a +0 hand axe
 i - a +0 dagger
 l - a +0 short sword
 n - a +0 club
 t - a cursed +0 short sword
 y - a +4 whip
 A - a +0 dagger
 C - a +0 dagger
 G - a +0 short sword
 H - a +0 hunting sling
 I - a +0 short sword
 K - a +0 short sword
Missiles
 d - 62 stones (quivered)
 j - 57 arrows
 u - 51 sling bullets
 M - 13 poisoned needles
Armour
 b - a +0 animal skin
 m - a +0 scale mail (worn)
 D - a +0 robe
 E - a +0 robe
 F - a +0 robe
 N - a +0 cloak
Magical Staves
 L - an uncursed staff of wizardry {unknown}
Jewellery
 o - a +4 ring of evasion (left hand)
 q - an amulet of harm (around neck)
 J - a ring of see invisible (right hand)
Scrolls
 g - a scroll of amnesia {unknown}
 k - a scroll of blinking {unknown}
 p - 2 scrolls of enchant weapon {unknown}
 v - 2 scrolls of remove curse {unknown}
 w - a scroll of random uselessness {unknown}
 x - a scroll of identify {unknown}
 B - a scroll of fear {unknown}
Potions
 e - a potion of flight {unknown}
 h - 2 potions of curing {unknown}
 r - a potion of invisibility {unknown}
 s - a potion of degeneration {unknown}
 z - a potion of agility {unknown}
Comestibles
 c - 3 rations


   Skills:
 + Level 5.0 Fighting
 + Level 5.1 Axes
 + Level 3.3 Armour
 + Level 3.4 Dodging
 + Level 0.2 Stealth


You had 4 spell levels left.
You didn't know any spells.
Your spell library was empty.

Dungeon Overview and Level Annotations

Branches:
Dungeon (3/15)

Altars:
Cheibriados
Gozag
Kikubaaqudgha
Yredelemnul
Zin

Annotations:
D:3 2 transporters


Innate Abilities, Weirdness & Mutations

You reflexively headbutt those who attack you in melee.
You have a pair of horns on your head.


Message History

You hit the gnoll shaman but do no damage.
The gnoll shaman is severely wounded.
You hit the rat but do no damage. The gnoll completely misses you.
The gnoll hits you from afar with a halberd!
* * * LOW HITPOINT WARNING * * *
The gnoll shaman misses you. You furiously retaliate!
You headbutt the gnoll shaman!
You kill the gnoll shaman!
Trog accepts your kill.
Your Fighting skill increases to level 5!
The rat bites you.
* * * LOW HITPOINT WARNING * * *
The gnoll hits you with a halberd.
* * * LOW HITPOINT WARNING * * *
The gnoll closely misses you. The gnoll barely misses you.
The rat bites you but does no damage.
Things that are here:
a whip; a leather armour The gnoll closely misses you.
The gnoll hits you with a halberd!
You die...

...... ...#####
#..... ...#... #.$...
#.....######+#.....
###..................
#....................
#....................
#.........##........)
#g@g....##.........
#†)r....##.........
##'#....##.........
#.#....##.........
#.# #######.#'###.
#.# #.#.# #. #.#
#######.#.# ## #.#
..........# #
#.#########.### #


You could see 2 gnolls and a rat.

Vanquished Creatures
  A crimson imp (D:3)
  A gnoll shaman (D:3)
  Terence (D:2)
  An adder (D:2)
  2 gnolls (D:3)
  2 worms
  2 dart slugs
  2 leopard geckos
  7 bats
  2 giant cockroaches
  10 goblins
  5 hobgoblins
  A quokka (D:2)
  A ball python (D:2)
  A frilled lizard (D:1)
  8 kobolds
  6 rats
53 creatures vanquished.

Vanquished Creatures (others)
  A human (D:3)
1 creature vanquished.

Grand Total: 54 creatures vanquished

Notes
Turn   | Place    | Note
-------+----------+-------------------------------------------
     0 | D:1      | errolflynn the Minotaur Berserker began the quest for the
                  | Orb.
     0 | D:1      | Reached XP level 1. HP: 19/19 MP: 0/0
   358 | D:1      | Reached XP level 2. HP: 23/27 MP: 1/1
   432 | D:1      | You fall through a shaft!
   456 | D:2      | Noticed Terence
   464 | D:2      | Killed Terence
   464 | D:2      | Reached XP level 3. HP: 14/34 MP: 2/2
   953 | D:2      | Reached ** piety under Trog
   962 | D:2      | Reached XP level 4. HP: 41/41 MP: 3/3
  1043 | D:2      | Found a glowing silver altar of Zin.
  2008 | D:3      | Found a transporter.
  2046 | D:3      | Found a transporter.
  2151 | D:3      | Found an opulent altar of Gozag.
  2171 | D:3      | Found a basalt altar of Yredelemnul.
  2173 | D:3      | Found a snail-covered altar of Cheibriados.
  2262 | D:3      | Found an ancient bone altar of Kikubaaqudgha.
  2263 | D:3      | Noticed a human
  2265 | D:3      | Killed a human
  2393 | D:3      | Reached XP level 5. HP: 47/47 MP: 4/4
  2395 | D:3      | Reached skill level 5 in Axes
  2398 | D:3      | Reached skill level 5 in Fighting
  2400 | D:3      | Mangled by a gnoll

Skill      XL: |  1  2  3  4  5 |
---------------+----------------+-----
Fighting       | 4 5 |  5.0
Axes           | 4 5 |  5.1
Dodging        | 3 |  3.4
Armour         | 3 |  3.3
Stealth        | |  0.2

Action                   |  1- 3 |  4- 6 || total
-------------------------+-------+-------++-------
Melee: Hand axe          |    58 |    49 ||   107
       Headbutt          |     4 |    10 ||    14
  Eat: Ration            |       |     2 ||     2
Armor: Animal skin       |     3 |       ||     3
       Scale mail        |     5 |    10 ||    15
Dodge: Dodged            |    46 |    63 ||   109
